woodfighter, chaotic female elven Rogue --- -- .o.o. -@- f# # ### # ### # --------.------- |............... |..............| |............<.| |..._..........| ---------------- woodfighter the Cutpurse Experience level: 4 Strength: 15 Dexterity: 19 Constitution: 16 Intelligence: 9 Wisdom: 10 Charisma: 11 Health: 0(35) Energy: 19(19) Def: 5 Gold: 13 Moves: 2467 Dungeon seed: eIQKyxuboYavLIm1 Game ID: woodfighter_1511198679 Your Inventory: Coins $ - 13 gold pieces Weapons a - a +0 elven short sword (weapon in hand) b - 10 +0 elven daggers (in quiver) Armor e - an uncursed +1 leather armor (being worn) n - an uncursed +0 pair of high boots (being worn) Comestibles m - 2 uncursed food rations t - an uncursed lembas wafer u - an uncursed lichen corpse V - an uncursed carrot Wands h - a wand of opening (0:3) Q - a wand of enlightenment (0:15) U - a wand of digging (0:4) Tools g - an uncursed blindfold s - an uncursed sack y - an uncursed skeleton key Contents of the sack: 314 gold pieces an uncursed sprig of wolfsbane 2 uncursed scrolls of enchant armor an uncursed scroll of enchant weapon 2 uncursed scrolls of identify an uncursed scroll of light a cursed scroll of light an uncursed scroll of magic mapping an uncursed scroll of scare monster an uncursed spellbook of create familiar an uncursed spellbook of remove curse an uncursed spellbook of remove curse a blessed potion of hallucination 2 uncursed potions of hallucination an uncursed potion of paralysis 2 uncursed potions of sickness an uncursed [+1] ring of stealth Spells and supernatural/magical abilities: Name Level Category Fail Memory W - pray for help -- divine ? -- Your skills at the end: Miscellaneous Skills wands [Basic] Weapon Skills dagger [Basic] short sword [Basic] Spellcasting Skills Final Attributes: You were piously aligned. You were sleep resistant. You were telepathic. You had infravision. You were stealthy. You are dead. Vanquished creatures: a red naga hatchling an elf zombie a floating eye an iguana 2 giant bats an orc zombie 2 hobbits 2 geckos a giant rat a brown mold 2 yellow molds a red mold 5 jackals a fox 4 newts 6 grid bugs 3 bats 3 lichens a kobold zombie 39 creatures vanquished. Voluntary challenges: You did not adorn yourself with jewelry or accessories. You did not cause conflict. You were not invisible. You did not have reflection. You were not displaced. You had been an atheist until turn 2434. You used a wielded weapon 39 times, starting on turn 159. You did not apply a unicorn horn. You did not use plumbed fixtures. You did not drink any magical draughts. You were illiterate. You never genocided any monsters. You never polymorphed an object. You never changed form. You used no wishes. You never split a pudding. You never wrote Elbereth's name. You never violated your personal moral code. Dungeon overview: The Dungeons of Doom: levels 1 to 7 Level 1 a sink a long staircase Level 2 a fountain Level 3 a scroll shop stairs to The Gnomish Mines Level 4 Level 5 some fountains Level 6 many fountains Level 7 <- You were here an altar to Kos The Gnomish Mines: Level 4 stairs to The Dungeons of Doom History has recorded: On T:1 you entered the Dungeons of Doom to retrieve the Amulet of Yendor! On T:446 you reached level 2 of The Dungeons of Doom. On T:644 you reached level 3 of The Dungeons of Doom. On T:923 you reached level 4 of The Dungeons of Doom. On T:1107 you advanced to experience level 2. On T:1157 you reached level 1 of The Gnomish Mines. On T:1448 you advanced to experience level 3. On T:1574 you reached level 5 of The Dungeons of Doom. On T:1812 you reached level 6 of The Dungeons of Doom. On T:2147 you advanced to experience level 4. On T:2223 you reached level 7 of The Dungeons of Doom. Score breakdown: Gold: 327 ( 32 points) Experience: 4 levels ( 300 points) Exploration: 7 levels ( 180 points) Discoveries: 17 items ( 850 points) Variety of kills: 19 monsters ( 950 points) Major goal: (nothing yet) ( 0 points) Survival: died (score multiplied by 3) Total score: 6936 Latest messages: You start equipping your pair of jackboots. You are now wearing a pair of jackboots. You displace kitty. This door is locked. You succeed in unlocking the door. The door opens. The hill orc wields a curved sword! You stab the hill orc! The hill orc swings his curved sword at you. The hill orc hacks you! You stab the hill orc! The hill orc hurls a sky blue potion! The vial crashes on your head and breaks into shards. Something seems to be holding you. The hill orc drinks an emerald potion! The hill orc looks completely healed. The hill orc punches you! (2x) The hill orc swings his curved sword at you. The hill orc slashes you! You hear the splashing of a naiad. The hill orc swings his curved sword at you. The hill orc slashes you! The hill orc punches you! The hill orc swings his curved sword at you. The hill orc hacks you! You die... Final status: Goodbye woodfighter the Rogue, killed by a hill orc, while frozen by potion vapours... You died in The Dungeons of Doom on dungeon level 7 with 6936 points, and 327 pieces of gold, after 2467 moves. You were level 4 with a maximum of 35 hit points when you died.